 Dungeon Crawl Stone Soup version 0.31.0-9-g3a7656b989 (webtiles) character file.

Game seed: 6545212875814004886

65 qw the Shooter (level 3, 0/20 HPs)
             Began as a Deep Elf Hunter on Feb 2, 2024.
             Succumbed to their own poison gas
             ... on level 2 of the Dungeon.
             The game lasted 00:00:03 (1352 turns).

qw the Shooter (Deep Elf Hunter)                    Turns: 1352, Time: 00:00:04

Health: 0/20       AC:  3    Str: 10    XL:     3   Next: 92%
Magic:  5/5        EV: 12    Int: 13    God:
Gold:   38         SH:  0    Dex: 18    Spells: 2/2 levels left

rFire   . . .        a - +0 shortbow
rCold   . . .        (shield currently unavailable)
rNeg    . . .        c - +0 leather armour
rPois   .            (no helmet)
rElec   .            (no cloak)
rCorr   .            (no gloves)
SInv    .            (no boots)
Will    .....        (no amulet)
Stlth   ++           (no ring)
HPRegen 0.23/turn    (no ring)
MPRegen 0.09/turn

%: no passive effects
@: lethally poisoned (0 -> -3)
A: no striking features
a: no special abilities


You were on level 2 of the Dungeon.
You visited 1 branch of the dungeon, and saw 2 of its levels.

You collected 38 gold pieces.


   Skills:
 - Level 1.5 Fighting
 + Level 7.4 Ranged Weapons
 - Level 2.4 Dodging
 - Level 1.2 Stealth


You had 2 spell levels left.
You didn't know any spells.
Your spell library was empty.

Inventory:

Hand Weapons
 a - a +0 shortbow (weapon)
Armour
 c - a +0 leather armour (worn)
Potions
 b - a potion of haste {unknown}
 e - a potion of attraction {unknown}
 f - a potion of mutation {unknown}
 g - a potion of ambrosia {unknown}

Dungeon Overview and Level Annotations

Branches:
Dungeon (2/15)

Altars:


Message History

As you read the scroll labelled VIUPPO NUGEDU, it dissolves into smoke.
It was a scroll of fog.
Done exploring.
What level of the Dungeon? (default 2, ? - help) Sorry, I don't know how to get there.
Enter note:
Enter note:
Enter note:
Enter note:
Enter note:
Enter note:
Enter note:
Enter note:
Enter note:
Enter note:
Enter note:
Enter note:
Enter note:
Enter note:
Enter note:
Enter note:
Enter note:
Enter note: You are engulfed in poison gas.
You are lethally poisoned!
You feel very sick.
1346 ||| Stepping ~*~*~tactically~*~*~ (cloud).
You feel very sick.
There is a lethal amount of poison in your body!
You feel very sick.
There is a lethal amount of poison in your body!
You feel sick.
There is a lethal amount of poison in your body!
You feel sick.
There is a lethal amount of poison in your body!
You feel sick.
There is a lethal amount of poison in your body!
You feel sick.
There is a lethal amount of poison in your body!
You die...

#.%#####...#¤#......###.# #.
#......#...¤............# #.
#..#####.).......#...#######.
#....00##.......##...# #...
#.....0¤##.....####### ###.
#..#####¤###'### #.
#.......¤0.#%# ##
#..#####0#¤### #....0¤00¤¤0@#
##.#####0###¤# ### ### ###


There were no monsters in sight!

Vanquished Creatures
  2 adders (D:2)
  2 dart slugs (D:1)
  An orc (D:2)
  A ball python (D:2)
  5 endoplasms
  7 goblins
  3 hobgoblins (D:1)
  2 jackals (D:1)
  A kobold (D:1)
  2 quokkas
  5 bats
  A frilled lizard (D:1)
  6 rats
38 creatures vanquished.

Notes
Turn   | Place    | Note
-------+----------+-------------------------------------------
     0 | D:1      | qw the Deep Elf Hunter began the quest for the Orb.
     0 | D:1      | Reached XP level 1. HP: 12/12 MP: 3/3
     0 | D:1      | 0 ||| qw: Version: 0.3-a-155-g5e7d8dd
     0 | D:1      | 0 ||| qw: Game counter: 1631
     0 | D:1      | 0 ||| qw: Melee chars always use a shield: true
     0 | D:1      | 0 ||| qw: God list: Okawaru
     0 | D:1      | 0 ||| qw: Allow faded altars: false
     0 | D:1      | 0 ||| qw: Do Orc after clearing Dungeon:15 true
     0 | D:1      | 0 ||| qw: Do second Lair branch before Depths: true
     0 | D:1      | 0 ||| qw: Lair rune preference: random
     0 | D:1      | 0 ||| qw: Goals: Normal
     0 | D:1      | 0 ||| PLANNING D:1-11
    42 | D:1      | Reached XP level 2. HP: 16/16 MP: 4/4
    43 | D:1      | Reached skill level 6 in Ranged Weapons
   223 | D:1      | Reached XP level 3. HP: 20/20 MP: 5/5
   349 | D:1      | 349 ||| READING scroll labelled NEIHUVEHOG.
   350 | D:1      | 350 ||| DROPPING scroll of butterflies.
   461 | D:2      | Reached skill level 7 in Ranged Weapons
  1088 | D:2      | Found a faded altar of an unknown god.
  1343 | D:2      | 1343 ||| READING scroll labelled VIQATUUNWO.
  1344 | D:2      | 1344 ||| READING scroll labelled VIUPPO NUGEDU.
  1346 | D:2      | 1346 ||| Stepping ~*~*~tactically~*~*~ (cloud).
  1348 | D:2      | HP: 5/20 [poisoned by you (poison gas)]
  1351 | D:2      | HP: 1/20 [poisoned by you (poison gas)]
  1352 | D:2      | Succumbed to their own poison gas

Levels and vault maps discovered:
D:1:      dpeg_arrival_leaves_temple_mockup, layout_rooms
D:2:      layout_basic, hellmonk_ecumenical_altar_defaced_shrine

Skill      XL: |  1  2  3 |
---------------+----------+-----
Ranged Weapons | 6 7 |  7.4
Fighting       | |  1.5
Dodging        | |  2.4
Stealth        | |  1.2

Action                     || total
---------------------------++-------
   Fire: Shortbow          ||    87
    Use: Scroll            ||     3
 Armour: Leather armour    ||    17
  Dodge: Dodged            ||    24

Table legend:
 A = Non-vault XP
 B = Vault XP
 C = Vault XP percentage of total XP
 D = Non-vault monster count
 E = Vault monster count
 F = Vault count percentage of total count
                 A         B        C        D         E       F
            +---------+---------+-------+---------+---------+-------
      Total |      90 |       3 |   3.2 |      37 |       1 |   2.6
            +---------+---------+-------+---------+---------+-------
        D:1 |      46 |       0 |   0.0 |      24 |       0 |   0.0
        D:2 |      44 |       3 |   6.4 |      13 |       1 |   7.1
            +---------+---------+-------+---------+---------+-------
